 Dungeon Sprint DCSS version 0.17-a0-1435-geafbe2f (webtiles) character file.

106 tinkerttoy the Carver (level 4, -2/45 HPs)
             Began as a Minotaur Fighter on June 27, 2015.
             Was a Follower of the Shining One.
             Slain by a gnoll sergeant
             ... wielding a +2 spear of flaming
              (3 damage)
             ... in the Dungeon (Sprint IX: "|||||||||||||||||||||||||||||").
             The game lasted 00:00:56 (251 turns).

tinkerttoy the Carver (Minotaur Fighter)             Turns: 251, Time: 00:00:56

Health: -2/45      AC: 12    Str: 20    XL:     4   Next: 55%
Magic:  3/3        EV:  7    Int:  5    God:    the Shining One [*.....]
Gold:   0          SH:  0    Dex: 11    Spells: 0 memorised, 3 levels left

rFire  . . .     SeeInvis .     b - +2 scimitar (elec)
rCold  . . .     Clarity  .     o - +1 chain mail
rNeg   . . .     SustAt   .     (no shield)
rPois  .         Gourm    .     (helmet restricted)
rElec  .         Spirit   .     (no cloak)
rCorr  .         Warding  .     (no gloves)
rMut   .         NoTele   +     n - +0 pair of boots
MR     .....                    (no amulet)
Stlth  ..........               (no ring)
                                (no ring)

@: glowing, not resistant to hostile enchantments, extremely unstealthy
A: retaliatory headbutt, horns 2
a: Renounce Religion


You were in the Dungeon.
You worshipped the Shining One.
The Shining One was aware of your devotion.
You were not hungry.

You visited 1 branch

Inventory:

Hand weapons
 b - a +2 scimitar of electrocution (weapon)
Armour
 n - a +0 pair of boots (worn)
 o - a +1 chain mail (worn)
Jewellery
 a - a +3 ring of dexterity
 p - a +3 ring of intelligence
Scrolls
 k - 2 scrolls of blinking
 l - 3 scrolls of remove curse
 m - 2 scrolls of amnesia
Potions
 c - a potion of invisibility
 d - a potion of might
 f - 5 potions of curing
 g - 3 potions of heal wounds
 h - a potion of haste
 i - 4 potions of magic
 j - a potion of berserk rage
Comestibles
 e - a bread ration


   Skills:
 + Level 6.5 Fighting
 * Level 8.0 Long Blades
 + Level 6.5 Armour
   Level 3.6 Shields


You had 3 spell levels left.
You didn't know any spells.

Dungeon Overview and Level Annotations

Branches:
Dungeon (1/1)

Altars:
Cheibriados
Dithmenos
Elyvilon
Fedhas
Gozag
Kikubaaqudgha
Makhleb
Nemelex Xobeh
Okawaru
Qazlal
Ru
Sif Muna
Trog
Vehumet
Xom
Yredelemnul
Zin
The Shining One
Beogh
Jiyva
Lugonu


Innate Abilities, Weirdness & Mutations

You reflexively headbutt those who attack you in melee.
You have a pair of horns on your head.


Message History

You see here a +0 pair of boots.
Items here: ))))))
Things that are here:
an uncursed staff of energy; a wand of draining (7)
There is an open door here.
There is a sacrificial altar of Ru here.
There is an opulent altar of Gozag here.
You are no longer corroded.
There is a stormy altar of Qazlal here.
The gnoll sergeant hits you from afar with a spear of flaming.
* * * LOW HITPOINT WARNING * * *
The gnoll sergeant burns you.
* * * LOW HITPOINT WARNING * * *
There is a shadowy altar of Dithmenos here.
There is a snail-covered altar of Cheibriados here.
There is a blossoming altar of Fedhas here.
The gnoll sergeant hits you from afar with a spear of flaming.
* * * LOW HITPOINT WARNING * * *
The gnoll sergeant burns you.
You die...

▓_▓
▓_▓
▓_▓
▓_▓
▓_▓
▓_▓
▓_▓
▓_▓
▓@▓
▓_▓
▓g▓
▓o▓
▓_▓
▓5▓
▓5▓
▓.▓
▓|▓


You could see a gnoll sergeant, 2 crimson imps and an orc.

Vanquished Creatures
  A jelly (D)
  2 worker ants (D)
  An adder (D)
  A gnoll (D)
  2 jackals (D)
  3 kobolds (D)
  2 bats (D)
12 creatures vanquished.

Vanquished Creatures (others)
  A spatial maelstrom (D)
1 creature vanquished.

Grand Total: 13 creatures vanquished

Notes
Turn   | Place    | Note
--------------------------------------------------------------
     0 | D        | tinkerttoy the Minotaur Fighter began the quest for the Orb.
     0 | D        | Reached XP level 1. HP: 19/19 MP: 0/0
     4 | D        | Banished a spatial maelstrom
    13 | D        | Reached skill level 4 in Armour
    15 | D        | Reached XP level 2. HP: 24/28 MP: 1/1
    58 | D        | Noticed a worker ant
    71 | D        | Reached skill level 5 in Fighting
    71 | D        | Reached skill level 5 in Long Blades
    71 | D        | Reached skill level 5 in Armour
    77 | D        | Killed a worker ant
    77 | D        | Reached skill level 6 in Long Blades
    77 | D        | Reached XP level 3. HP: 27/36 MP: 2/2
   157 | D        | Found a glowing silver altar of Zin.
   157 | D        | Found a glowing golden altar of the Shining One.
   157 | D        | Found an ancient bone altar of Kikubaaqudgha.
   157 | D        | Found a basalt altar of Yredelemnul.
   157 | D        | Found a shimmering altar of Xom.
   157 | D        | Found a radiant altar of Vehumet.
   158 | D        | Found an iron altar of Okawaru.
   159 | D        | Found a burning altar of Makhleb.
   160 | D        | Found a deep blue altar of Sif Muna.
   161 | D        | Became a worshipper of the Shining One
   162 | D        | Found a bloodstained altar of Trog.
   163 | D        | Found a sparkling altar of Nemelex Xobeh.
   164 | D        | Found a white marble altar of Elyvilon.
   165 | D        | Found a roughly hewn altar of Beogh.
   166 | D        | Found a viscous altar of Jiyva.
   167 | D        | Found a corrupted altar of Lugonu.
   168 | D        | Found a blossoming altar of Fedhas.
   169 | D        | Found a snail-covered altar of Cheibriados.
   170 | D        | Found a shadowy altar of Dithmenos.
   171 | D        | Found a stormy altar of Qazlal.
   172 | D        | Found an opulent altar of Gozag.
   173 | D        | Found a sacrificial altar of Ru.
   229 | D        | Noticed a worker ant
   229 | D        | Noticed a jelly
   229 | D        | Noticed a gnoll sergeant
   229 | D        | Acquired the Shining One's first power
   229 | D        | Noticed a crimson imp
   229 | D        | Noticed a crimson imp
   231 | D        | Killed a worker ant
   231 | D        | Reached skill level 7 in Long Blades
   231 | D        | Reached XP level 4. HP: 42/44 MP: 3/3
   235 | D        | Killed a jelly
   235 | D        | Reached skill level 8 in Long Blades
   251 | D        | HP: 1/45 [gnoll sergeant/spear of flaming (6)]
   251 | D        | Slain by a gnoll sergeant

Vault maps used:
D:        linesprint

Action                   |  1- 3 |  4- 6 || total
-------------------------+-------+-------++-------
Melee: Long sword        |    24 |       ||    24
       Scimitar          |     2 |     4 ||     6
